 Dungeon Crawl Stone Soup version 0.24.0-35-gdb84b6a5db (webtiles) character file.

Game seed: 1498959273842251709, levelgen mode: deterministic

735 Iamsoldier the Changer (level 7, 0/63 HPs)
             Began as a Pale Draconian Transmuter on Nov 19, 2019.
             Was an Initiate of Cheibriados.
             Slain by a wight
             ... wielding a +3 war axe
              (5 damage)
             ... on level 5 of the Dungeon.
             The game lasted 00:17:55 (5358 turns).

Iamsoldier the Changer (Pale Draconian Transmuter)  Turns: 5358, Time: 00:17:57

Health: 0/63       AC:  2    Str: 15    XL:     7   Next: 45%
Magic:  12/12      EV: 18    Int: 15    God:    Cheibriados [......]
Gold:   264        SH:  0    Dex: 19    Spells: 5/13 levels left

rFire    . . .     SeeInvis .     - Unarmed
rCold    . . .     Gourm    .   (shield currently unavailable)
rNeg     . . .     Faith    .   (armour unavailable)
rPois    x         Spirit   .   (helmet currently unavailable)
rElec    .         Reflect  .   (cloak currently unavailable)
rCorr    .         Harm     .   (gloves currently unavailable)
MR       .....                  (boots currently unavailable)
Stlth    ++........             d - amulet of magic regeneration
HPRegen  0.20/turn              (no ring)
MPRegen  0.38/turn              (no ring)

@: spider-form (expiring), very slightly contaminated, heavily drained, very
slow
A: tiny, (breathe steam), unfitting armour, robust 1, strong 1, AC +6
a: End Transformation, Bend Time, Renounce Religion


You were on level 5 of the Dungeon.
You worshipped Cheibriados.
Cheibriados was noncommittal.
You were not hungry.
You were a venomous arachnid creature.
You visited 2 branches of the dungeon, and saw 7 of its levels.

You collected 264 gold pieces.

Inventory:

Hand Weapons
 a - a +1 hunting sling of flaming
Missiles
 i - 18 sling bullets
 m - 76 arrows
 n - 222 stones (quivered)
Armour
 g - a +1 pair of gloves (melded)
Jewellery
 d - an amulet of magic regeneration (around neck)
Wands
 u - a wand of random effects (22)
 w - a wand of iceblast (8)
 x - a wand of acid (7)
Scrolls
 f - 3 scrolls of remove curse
 h - a scroll of blinking {unknown}
 j - 3 scrolls of identify
 l - a scroll of enchant armour
 o - a scroll of immolation
 p - 2 scrolls of teleportation {unknown}
 s - a scroll of magic mapping {unknown}
 v - a scroll of enchant weapon {unknown}
Potions
 b - a potion of haste
 k - a potion of mutation
 q - a potion of brilliance
 t - a potion of cancellation
Comestibles
 c - 4 rations
 r - 6 chunks of flesh


   Skills:
 + Level 3.7(2.4) Fighting
 - Level 1.7(0.5) Dodging
 + Level 4.3(3.0) Unarmed Combat
 + Level 3.6(2.2) Spellcasting
 * Level 5.2(3.8) Transmutations
 - Level 2.0(0.7) Ice Magic
 - Level 2.0(0.7) Poison Magic


You had 5 spell levels left.
You knew the following spells:

 Your Spells              Type           Power        Failure   Level  Hunger
a - Beastly Appendage     Tmut           ##....       14%         1    #......
b - Ice Form              Ice/Tmut       #.......     82%         4    #####..
c - Spider Form           Tmut/Pois      #.........   47%         3    ###....

Your spell library contained the following spells:

 Spells                   Type           Power        Failure   Level  Hunger
 Sticks to Snakes         Tmut           ##......     19%         2    ###....
 Blade Hands              Tmut           ##........   90%         5    ######.


Dungeon Overview and Level Annotations

Branches:
Dungeon (6/15)             Temple (1/1) D:5

Altars:
Ashenzari
Cheibriados
Elyvilon
Fedhas
Gozag
Hepliaklqana
Kikubaaqudgha
Makhleb
Nemelex Xobeh
Okawaru
Qazlal
Sif Muna
Trog
Uskayaw
Vehumet
Wu Jian
Xom
Yredelemnul


Innate Abilities, Weirdness & Mutations

((You can breathe blasts of scalding, opaque steam.))
((Your pale cyan-grey scales are hard. (AC +6)))
You cannot fit into any form of body armour.
((You are cold-blooded and may be slowed by cold attacks.))
((You have a pair of small antennae on your head.))
You are robust. (+10% HP)
((You are covered in fur. (AC +1)))
Your muscles are strong. (Str +2)


Message History

The wight is moderately damaged.
The wight barely misses you.
You hit the wight but do no damage.
The wight is moderately damaged.
Your transformation is almost over.
The wight misses you. x2
You hit the wight but do no damage.
The wight is moderately damaged.
The wight completely misses you.
As you read the scroll labeled YTTIBUBUIC, it crumbles to dust.
It is a scroll of enchant armour.
Your +0 pair of gloves glows green for a moment.
The wight closely misses you. The wight misses you.
As you read the scroll labeled ILIEMYXTEQI, it crumbles to dust.
The creatures around you are filled with an inner flame!
It was a scroll of immolation.
The wight barely misses you. The wight hits you with a +3 war axe!
* * * LOW HITPOINT WARNING * * *
You feel drained.
You die...

........#.##...##.##.# #.#.#.#
........#.........##.#####.#.#.#
##'#######..#..#...........#.#.#
...............<...............#
##.############..###.#######.###
#.# #..# #.# #.#
#.#############.###.# #.#
##..............z....#######'####
.#.######.......sz...#...........
.#.##.# #.#########..#...........
.#.##.###'####### #..#...........
.#.##.##........# #..#...........
.#.##.##........# #..#...........
......##........# #..####.....###
.#.##.###'####### #..# #.....#
.#.##...........# #..####.....#
.#.##...........# #.....'.....#


You could see 2 wights.

Vanquished Creatures
  A necrophage (D:5)
  A phantom (D:4)
  An ogre (D:4)
  A scorpion (D:4)
  A wight (D:6)
  3 orc priests
  A hound (D:4)
  3 orc wizards
  Robin (D:2)
  A howler monkey skeleton (D:4)
  4 adders
  A shadow imp (D:5)
  3 worms
  4 dart slugs
  4 leopard geckos
  7 orcs
  3 ball pythons
  6 bats
  5 giant cockroaches
  16 goblins
  8 hobgoblins
  7 kobolds
  3 quokkas
  8 frilled lizards
  A jackal skeleton (D:5)
  A leopard gecko skeleton (D:5)
  A leopard gecko zombie (D:5)
  11 rats
107 creatures vanquished.

Notes
Turn   | Place    | Note
-------+----------+-------------------------------------------
     0 | D:1      | Iamsoldier the Draconian Transmuter began the quest for the
                  | Orb.
     0 | D:1      | Reached XP level 1. HP: 16/16 MP: 3/3
    93 | D:1      | Reached XP level 2. HP: 23/23 MP: 5/5
   826 | D:2      | Reached XP level 3. HP: 29/29 MP: 4/6
   844 | D:2      | Found a hazy altar of Hepliaklqana.
   847 | D:2      | Found an iron altar of Okawaru.
  1193 | D:2      | Noticed Robin
  1223 | D:2      | Reached skill level 3 in Transmutations
  1239 | D:2      | Killed Robin
  1239 | D:2      | Reached XP level 4. HP: 6/36 MP: 7/7
  2689 | D:3      | Learned a level 4 spell: Ice Form
  2694 | D:3      | Learned a level 3 spell: Spider Form
  3241 | D:4      | Reached XP level 5. HP: 29/42 MP: 9/9
  3719 | D:4      | Noticed a phantom
  3744 | D:4      | Killed a phantom
  3744 | D:4      | Reached skill level 4 in Transmutations
  3744 | D:4      | Reached skill level 1 in Ice Magic
  3744 | D:4      | Reached skill level 1 in Poison Magic
  3828 | D:4      | Reached XP level 6. HP: 50/50 MP: 10/10
  3974 | D:4      | Gained mutation: You have a pair of small antennae on your
                  | head. [potion of mutation]
  3974 | D:4      | Gained mutation: You are robust. (+10% HP) [potion of
                  | mutation]
  3974 | D:4      | Gained mutation: Your muscles are strong. (Str +2) [potion
                  | of mutation]
  3974 | D:4      | Gained mutation: You are covered in fur. (AC +1) [potion of
                  | mutation]
  4575 | D:5      | Entered Level 5 of the Dungeon
  4623 | D:5      | Your scales start taking on a pale cyan-grey colour.
  4623 | D:5      | Reached XP level 7. HP: 51/60 MP: 10/12
  4713 | D:5      | Found a staircase to the Ecumenical Temple.
  4723 | Temple   | Entered the Ecumenical Temple
  4809 | Temple   | Became a worshipper of Cheibriados the Contemplative
  5288 | D:6      | Reached skill level 5 in Transmutations
  5358 | D:5      | Slain by a wight

Levels and vault maps discovered:
D:1:      mrwooster_arrival_statue_3, layout_rooms
D:2:      layout_basic, nicolae_overflow_hidden_temple, uniq_robin
D:3:      layout_basic, first_ration
D:4:      layout_gridville, minmay_misc_feat_four_crosses, minmay_circle_x
D:5:      layout_basic, minmay_temple_entry_stoned_glass
D:6:      layout_basic, lemuel_coloured_pillars_altar, lemuel_crystal_altar,
          zin_treasury, uniq_prince_ribbit1
Temple:   compressed_dpeg_circular_temple

Skill      XL: |  1  2  3  4  5  6  7 |
---------------+----------------------+-----
Fighting       | 2 3 |  3.7
Transmutations | 3 4 5 |  5.2
Spellcasting   | 3 |  3.6
Ice Magic      | 1 2 |  2.0
Poison Magic   | 1 2 |  2.0
Unarmed Combat | 4 |  4.3
Dodging        | |  1.7

Action                   |  1- 3 |  4- 6 |  7- 9 || total
-------------------------+-------+-------+-------++-------
Melee: Unarmed           |   160 |   224 |    56 ||   440
       Headbutt          |     4 |     7 |       ||    11
       Tailslap          |    12 |    22 |     9 ||    43
       Kick              |     7 |     9 |     8 ||    24
       Punch             |     2 |     4 |       ||     6
 Cast: Beastly Appendage |     8 |     9 |     3 ||    20
       Spider Form       |       |     5 |     2 ||     7
 Abil: Breathe Steam     |       |       |     1 ||     1
  Use: Scroll            |       |     6 |     2 ||     8
       Potion            |       |     1 |     3 ||     4
 Stab: Sleeping          |     1 |       |       ||     1
  Eat: Chunk             |     1 |    11 |     4 ||    16
Armor: Skin              |    66 |    45 |    16 ||   127
Dodge: Dodged            |   102 |   134 |    61 ||   297
